 Dungeon Crawl Stone Soup version 0.26-a0-778-g3fe0686644 (webtiles) character file.

Game seed: 13635174954277432290

15243 mandarbmax the Cleaver (level 11, -9/104 (105) HPs)
             Began as a Palentonga Berserker on Nov 11, 2020.
             Was a High Priest of Trog.
             Mangled by a komodo dragon (26 damage)
             ... on level 3 of the Lair of Beasts.
             The game lasted 00:22:07 (12913 turns).

mandarbmax the Cleaver (Palentonga Berserker)      Turns: 12913, Time: 00:22:07

HP:   -9/104 (105)  AC: 27    Str: 21    XL:     11   Next: 99%
MP:   11/11         EV: 11    Int:  8    God:    Trog [*****.]
Gold: 699           SH:  4    Dex: 12    Spells: 10/10 levels left

rFire    + . .     SeeInvis +   G - +4 broad axe (flame)
rCold    . . .     Faith    .   H - +0 buckler
rNeg     . . .     Spirit   .   i - +3 ring mail
rPois    .         Reflect  .   (no helmet)
rElec    .         Harm     .   g - +2 cloak
rCorr    .         Rampage  .   d - +2 pair of gloves
MR       .....                  (no barding)
Stlth    +.........             D - amulet of magic regeneration
HPRegen  0.27/turn              N - ring of protection from fire
MPRegen  0.37/turn              E - +4 ring of protection

@: berserk cooldown, curled up
A: large, rugged brown scales 3, see invisible, deformed body, roll, armoured
tail, reflexive curl
a: Rolling Charge, Berserk, Trog's Hand, Brothers in Arms, Renounce Religion


You were on level 3 of the Lair of Beasts.
You worshipped Trog.
Trog was extremely pleased with you.
You visited 2 branches of the dungeon, and saw 13 of its levels.
You also visited: Sewer and Ossuary.

You collected 951 gold pieces.
You spent 252 gold pieces at shops.

Inventory:

Hand Weapons
 a - a +2 battleaxe
 b - a +2 shortbow of freezing
 l - a +0 hand axe
 G - a +4 broad axe of flaming (weapon)
Missiles
 t - 10 curare-tipped darts (quivered)
 A - 109 arrows
Armour
 d - a +2 pair of gloves (worn)
 g - a +2 cloak (worn)
 i - a +3 ring mail (worn)
 H - a +0 buckler (worn)
Jewellery
 m - an uncursed ring of stealth
 y - an uncursed ring of positive energy
 D - an amulet of magic regeneration (around neck)
 E - a +4 ring of protection (right hand)
 L - an uncursed ring of resist corrosion
 N - a ring of protection from fire (left hand)
 R - a cursed -4 ring of protection
Wands
 n - a wand of paralysis (21)
 s - a wand of enslavement (21)
 u - a wand of acid (14)
 C - a wand of flame (30)
 I - a wand of polymorph (33)
Scrolls
 e - 8 scrolls of teleportation
 k - 4 scrolls of fog
 p - 5 scrolls of remove curse
 F - 2 scrolls of fear
 J - 2 scrolls of magic mapping
 M - 2 scrolls of identify
 P - a scroll of blinking
 Q - a scroll of enchant armour
Potions
 c - 9 potions of flight
 f - 10 potions of curing
 h - a potion of haste
 j - 2 potions of heal wounds
 o - 3 potions of mutation
 q - 3 potions of magic
 r - 4 potions of attraction
 v - 2 potions of resistance
 w - a potion of ambrosia
 x - 2 potions of might
 z - a potion of cancellation
 B - 3 potions of invisibility
 O - 3 potions of lignification


   Skills:
 * Level 9.8 Fighting
 - Level 14.0 Axes
 + Level 5.8 Armour
 + Level 5.8 Dodging
 - Level 2.4 Shields


You had 10 spell levels left.
You didn't know any spells.
Your spell library was empty.

Dungeon Overview and Level Annotations

Branches:
Dungeon (10/15)            Temple (0/1) D:4            Lair (3/6) D:9
  Sewer (visited)         Ossuary (visited)
  Swamp: Lair:2-4    Shoals: Lair:2-4     Snake: Lair:2-4    Spider: Lair:2-4
    Orc: D:9-12

Altars:
Elyvilon
Trog
Vehumet
Yredelemnul
Zin

Shops:
D:4 !


Innate Abilities, Weirdness & Mutations

You are completely covered in rugged brown scales. (AC +3, +7% HP)
You have supernaturally acute eyesight. (SInv)
Armour fits poorly on your strangely shaped body.
You can roll at foes to attack.
You have a long armoured tail.
You curl defensively after being hit.


Message History

You hit the komodo dragon but do no damage.
You tail-slap the komodo dragon, but do no damage.
The komodo dragon is severely wounded.
The komodo dragon bites you but does no damage.
You hit the komodo dragon but do no damage.
The komodo dragon is severely wounded.
The komodo dragon barely misses you.
You hit the komodo dragon but do no damage.
The komodo dragon is severely wounded.
The komodo dragon bites you!!
* * * LOW HITPOINT WARNING * * *
You hit the komodo dragon but do no damage.
The komodo dragon is severely wounded.
You block the komodo dragon's attack.
You barely miss the komodo dragon.
The komodo dragon is severely wounded.
Your skin stops crawling.
You feel less resistant to hostile enchantments.
The komodo dragon bites you!!
You die...

..h.....!#......#
...h...?#...y...
......Y.....P#
....##.....### ..[.....#†##
P...####.# ##.<...
##.##.≈†.# ......#
......≈.)## .P...
.......≈..@## #...##
.######≈#.#l# ...P#
#≈#...#### #..#
###≈#..#.#.#####..#
#.###..>..........# ##
#...>......<.....###
####P###......P##P###.....#
.........P...######
##.#..## ............##
#..#..##


You could see a komodo dragon.

Vanquished Creatures
  A hydra (Lair:2)
  3 death yaks (Lair:2)
  An unseen horror (D:8)
  An ugly thing (D:10)
  6 elephants (Lair:3)
  A black mamba (Lair:3)
  A cane toad (Lair:1)
  2 komodo dragons
  A polar bear (Lair:1)
  3 blink frogs (Lair:1)
  5 yaks (Lair:3)
  4 basilisks
  A wraith (Ossuary)
  A wyvern (D:9)
  3 water moccasins
  5 orc warriors
  A black bear (D:7)
  2 phantoms (D:6)
  The ghost of SolusNox the Chopper, an amateur MiBe of Trog (D:3)
  2 sky beasts
  5 centaurs
  A necrophage (D:9)
  4 ogres
  11 wolves (Lair:3)
  A big kobold (D:3)
  2 gnoll sergeants
  4 bullfrogs
  3 scorpions
  20 killer bees
  4 howler monkeys
  A centaur zombie (D:8)
  3 jellies
  3 hounds
  5 orc priests
  7 orc wizards
  A bullfrog skeleton (D:4)
  2 gnoll shamans
  2 iguanas
  Terence (D:2)
  A centaur skeleton (D:4)
  A merfolk siren (Sewer)
  A merfolk avatar (Sewer)
  8 worker ants
  2 killer bee zombies
  A mummy (Ossuary)
  26 gnolls
  11 adders
  2 river rats (Sewer)
  2 shadow imps
  2 white imps
  An ufetubus (D:6)
  An ooze (D:2)
  An adder skeleton (D:4)
  2 worms
  2 dart slugs (D:1)
  4 leopard geckos
  43 orcs
  8 ball pythons
  10 giant cockroaches
  4 goblins
  6 hobgoblins
  15 jackals
  21 kobolds
  4 quokkas
  14 bats
  8 frilled lizards
  7 gnoll skeletons (Ossuary)
  7 kobold skeletons (Ossuary)
  11 orc skeletons (Ossuary)
  A quokka skeleton (D:4)
  29 rats
381 creatures vanquished.

Vanquished Creatures (others)
  A kobold (D:3)
  5 fungi
  7 plants
13 creatures vanquished.

Grand Total: 394 creatures vanquished

Notes
Turn   | Place    | Note
-------+----------+-------------------------------------------
     0 | D:1      | mandarbmax the Palentonga Berserker began the quest for the
                  | Orb.
     0 | D:1      | Reached XP level 1. HP: 20/20 MP: 1/1
   307 | D:1      | Reached XP level 2. HP: 27/27 MP: 2/2
   611 | D:1      | Reached XP level 3. HP: 33/33 MP: 3/3
   615 | D:1      | Reached ** piety under Trog
   916 | D:2      | Reached skill level 4 in Axes
  1254 | D:2      | Reached XP level 4. HP: 40/40 MP: 4/4
  1316 | D:2      | Reached skill level 5 in Axes
  1400 | D:2      | Noticed Terence
  1408 | D:2      | Killed Terence
  1547 | D:2      | Reached XP level 5. HP: 33/48 MP: 5/5
  1928 | D:3      | Found a basalt altar of Yredelemnul.
  2033 | D:3      | Reached *** piety under Trog
  2045 | D:3      | Reached skill level 6 in Axes
  2179 | D:3      | Found a runed translucent gate.
  2179 | D:3      | Found a runed translucent gate.
  2179 | D:3      | Found a runed translucent gate.
  2180 | D:3      | Noticed SolusNox's ghost (amateur MiBe)
  2180 | D:3      | Identified the +7 whip of Purpose {drain, *Drain +Inv +Fly}
  2250 | D:3      | Found a glowing drain.
  2259 | Sewer    | Entered a sewer
  2344 | Sewer    | Reached XP level 6. HP: 32/54 MP: 6/6
  2608 | Sewer    | Reached **** piety under Trog
  3127 | D:3      | Found a bloodstained altar of Trog.
  3335 | D:3      | Killed SolusNox's ghost
  3335 | D:3      | Reached skill level 7 in Axes
  3340 | D:3      | Gained mutation: You curl defensively after being hit.
                  | [Palentonga growth]
  3340 | D:3      | Reached XP level 7. HP: 54/60 MP: 7/7
  3579 | D:4      | Reached skill level 8 in Axes
  3854 | D:4      | Found Qexeptue's Distillery.
  3857 | D:4      | Bought a potion of resistance for 140 gold pieces
  3857 | D:4      | Bought a potion of ambrosia for 112 gold pieces
  4176 | D:4      | Found a staircase to the Ecumenical Temple.
  4455 | D:5      | Entered Level 5 of the Dungeon
  4480 | D:5      | Found a white marble altar of Elyvilon.
  4661 | D:5      | Found a radiant altar of Vehumet.
  4665 | D:5      | Reached skill level 9 in Axes
  4808 | D:5      | Reached XP level 8. HP: 67/67 MP: 8/8
  5329 | D:6      | Reached skill level 10 in Axes
  5354 | D:6      | You fall into a shaft and drop 2 floors!
  5775 | D:8      | Reached skill level 11 in Axes
  6188 | D:8      | Reached ***** piety under Trog
  6202 | D:8      | Reached XP level 9. HP: 22/73 MP: 9/9
  6588 | D:7      | Reached skill level 12 in Axes
  6629 | D:7      | Found a sand-covered staircase.
  6636 | Ossuary  | Entered an ossuary
  7138 | D:7      | Received a gift from Trog
  7593 | D:6      | Reached skill level 1 in Shields
  7893 | D:6      | Reached skill level 13 in Axes
  8339 | D:6      | Found a glowing silver altar of Zin.
  8339 | D:6      | Found a bloodstained altar of Trog.
  8744 | D:8      | Noticed an unseen horror
  8756 | D:8      | Killed an unseen horror
  8756 | D:8      | Reached XP level 10. HP: 82/82 MP: 10/10
  8863 | D:8      | Reached skill level 14 in Axes
  8879 | D:9      | Found a staircase to the Lair.
  9871 | D:10     | Entered Level 10 of the Dungeon
  9879 | D:10     | Reached skill level 5 in Fighting
  9963 | D:10     | Noticed a brown ugly thing
  9971 | D:10     | Killed a brown ugly thing
 10037 | Lair:1   | Entered Level 1 of the Lair of Beasts
 10317 | Lair:1   | Noticed a cane toad
 10326 | Lair:1   | Killed a cane toad
 10329 | Lair:1   | Reached XP level 11. HP: 34/96 MP: 11/11
 11378 | Lair:2   | Noticed a four-headed hydra
 11384 | Lair:2   | Killed a three-headed hydra
 11464 | Lair:2   | Noticed a death yak
 11464 | Lair:2   | Noticed a death yak
 11465 | Lair:2   | Noticed a death yak
 11493 | Lair:2   | Killed a death yak
 11506 | Lair:2   | Killed a death yak
 11508 | Lair:2   | Killed a death yak
 12550 | Lair:3   | Reached skill level 5 in Armour
 12550 | Lair:3   | Reached skill level 5 in Dodging
 12869 | Lair:3   | Received a gift from Trog
 12913 | Lair:3   | Mangled by a komodo dragon

Illustrated notes

Levels and vault maps discovered:
D:1:      nagdon_arrival_double_spiral, layout_basic
D:2:      minmay_chambers_of_ones, layout_rooms, uniq_terence
D:3:      layout_basic, overflow_temple_1_default,
          gammafunk_ghost_nasty_kobolds, portal_sewer_entry_d,
          trog_butcher_becter
D:4:      layout_loops_ring, minmay_temple_entry_arrows, serial_shops,
          nicolae_shop_behind_doors
D:5:      layout_loops_ring, vehumet_altar_wand_db, elyvilon_altar_4
D:6:      layout_basic, gammafunk_temple_overflow_elements,
          corexii_hall_statues_x
D:7:      layout_loops_ring, nicolae_ossuary_entry_ruins
D:8:      layout_gridville, special_room [special_room_orc]
D:9:      layout_small_grid, lair_entry_dummy
D:10:     layout_rooms, orc_0_dummy
Lair:1:   layout_cave_pods, chequers_serial_rivers_small_3, grunt_megastairs_2
Lair:2:   layout_regular_city
Lair:3:   regret_index_combs_of_tragedy, layout_loops_ring,
          guppyfry_snake_entry_garden, serial_bayou_ford_a,
          chequers_serial_rivers_micro_b

Skill      XL: |  1  2  3  4  5  6  7  8  9 10 11 |
---------------+----------------------------------+-----
Armour         | 2 4 5 |  5.8
Dodging        | 2 4 5 |  5.8
Axes           | 4 5 6 7 9 11 13 14 | 14.0
Shields        | 2 |  2.4
Fighting       | 6 9 |  9.8

Action                   |  1- 3 |  4- 6 |  7- 9 | 10-12 || total
-------------------------+-------+-------+-------+-------++-------
Melee: Hand axe          |   105 |     4 |       |       ||   109
       Tailslap          |     6 |    23 |    51 |    38 ||   118
       Battleaxe         |       |   209 |   239 |       ||   448
       Broad axe         |       |       |   122 |   215 ||   337
Throw: Dart              |       |       |     3 |     6 ||     9
Invok: Berserk           |     3 |     5 |     7 |     6 ||    21
       Trog's Hand       |       |     1 |     2 |     2 ||     5
       Brothers in Arms  |       |       |     1 |       ||     1
 Abil: Rolling Charge    |    12 |     1 |     5 |     3 ||    21
Evoke: Wand              |       |       |       |    11 ||    11
  Use: Scroll            |       |    12 |    10 |     7 ||    29
       Potion            |       |     2 |       |     1 ||     3
Armor: Animal skin       |    11 |       |       |       ||    11
       Ring mail         |    79 |   128 |   212 |   121 ||   540
Dodge: Dodged            |    93 |   131 |   186 |   103 ||   513
Block: Buckler           |       |       |    19 |    41 ||    60

Table legend: (Time is in decaauts)
 A = Elapsed time spent in this place.
 B = Non-inter-level travel time spent in this place.
 C = Inter-level travel time spent in this place.
 D = Time resting spent in this place.
 E = Time spent auto-exploring this place.
 F = Levels seen in this place.
 G = Mean time per level.
                   A        B        C        D        E       F      G
               +--------+--------+--------+--------+--------+-----+--------+
         Total |  13355 |  12860 |    495 |   2598 |   8012 |  15 |  890.3 |
       Dungeon |   9636 |   9252 |    384 |   1751 |   5853 |  10 |  963.6 |
          Lair |   2913 |   2803 |    110 |    739 |   1786 |   3 |  971.0 |
         Sewer |    603 |    603 |      0 |    108 |    248 |   1 |  603.0 |
       Ossuary |    201 |    201 |      0 |      0 |    123 |   1 |  201.0 |
               +--------+--------+--------+--------+--------+-----+--------+

Top non-repeatable levels by time:
     D:8: 1948 daAuts
  Lair:1: 1533 daAuts
     D:1: 1177 daAuts
     D:3: 1176 daAuts
     D:6: 962 daAuts
     D:4: 895 daAuts
     D:2: 894 daAuts
  Lair:2: 837 daAuts
     D:9: 818 daAuts
     D:5: 808 daAuts
     D:7: 802 daAuts
   Sewer: 603 daAuts
  Lair:3: 542 daAuts
 Ossuary: 201 daAuts
    D:10: 151 daAuts
